[Event "44th Chess Olympiad Women 2022"]
[Site "Chennai"]
[Date "2022.07.29"]
[Round "1.31"]
[White "Bravo Mallco, Kate Azumi"]
[Black "Eversley, Kiarra"]
[Result "1-0"]
[ECO "B62"]
[WhiteElo "1958"]
[BlackElo "1356"]
[Annotator "TA"]
[PlyCount "49"]
[EventDate "2022.07.29"]
[EventType "team-tourn"]
[EventCountry "IND"]
[SourceTitle "playchess.com"]
[Source "ChessBase"]
[SourceQuality "1"]
[WhiteTeam "Peru"]
[BlackTeam "Barbados"]
[WhiteTeamCountry "PER"]
[BlackTeamCountry "BAR"]
[TimeControl "40/5400+30:1800+30"]

1. e4 c5 2. Nf3 d6 3. d4 cxd4 4. Nxd4 Nc6 5. Nc3 Nf6 6. Bg5 e6 7. Qd3 Be7 {[%emt 0:01:43] 7...Bd7 is a critical line. B62: Sicilian: Richter-Rauzer: 6...e6: Unusual White 7th moves.} 8. O-O-O {[%emt 0:00:54] [#]} Qa5 $146 (8... O-O $11 {remains equal.}) ({Predecessor:} 8... O-O 9. Kb1 Bd7 10. Nb3 a5 11. a3 a4 12. Nd4 Qa5 13. Bd2 Qb6 14. Be3 Nxd4 15. Bxd4 Qa5 16. Be2 Rfc8 {1-0 (59) Caruana,F (2806)-Shankland,S (2709) Saint Louis 2021}) 9. Bxf6 $16 gxf6 {[%emt 0:04:50] White is better.} 10. Ndb5 O-O 11. Qg3+ ({Don't play} 11. Nxd6 Rd8 12. Qg3+ Qg5+ 13. Qxg5+ fxg5 14. Nxc8 Raxc8 $14) 11... Kh8 12. Nxd6 {[%emt 0:00:30] 0x0.0020ae3b8030dp-1022s more active pieces. The black rooks are badly placed.} Nb4 $2 {[%emt 0:10:31] [#]} (12... Qc5 $16) 13. a3 $18 Nc6 14. h4 Ne5 (14... Qc5 $16 15. b4 Bxd6 16. Rxd6 (16. bxc5 Bxg3 17. fxg3 Ne5 $11) 16... Qe5 17. Qxe5 fxe5) 15. f4 $40 {[%emt 0:00:51][%mdl 128] White is out for blood.} Rg8 16. Qe1 Bxd6 17. Rxd6 Ng4 18. Rd2 (18. Qd2 $142) 18... Qc5 (18... Qc7 $142 19. g3 Bd7) 19. h5 {[%emt 0:04:12] Strongly threatening Qh4.} b6 20. Be2 {[%emt 0:07:52] [#] Threatens to win with Qh4.} Bb7 $2 (20... Qf2 21. Qxf2 Nxf2) 21. Qh4 ({Less strong is} 21. Rd7 Bc6 $16) 21... f5 22. Bxg4 {[%emt 0:01:19] White wants to mate with Qf6+.} Rxg4 23. Rd8+ Rxd8 24. Qxd8+ Kg7 25. h6+ {[%emt 0:00:03] Black got outplayed after the opening.  Weighted Error Value: White=0.14 (very precise) /Black=0.92} 1-0

[Event "44th Chess Olympiad Women 2022"]
[Site "Chennai"]
[Date "2022.07.29"]
[Round "1.31"]
[White "Blackman, Katrina"]
[Black "Chumpitaz, Ann"]
[Result "0-1"]
[ECO "D02"]
[WhiteElo "1691"]
[BlackElo "2278"]
[Annotator "TA"]
[PlyCount "68"]
[EventDate "2022.07.29"]
[EventType "team-tourn"]
[EventCountry "IND"]
[SourceTitle "playchess.com"]
[Source "ChessBase"]
[SourceQuality "1"]
[WhiteTeam "Barbados"]
[BlackTeam "Peru"]
[WhiteTeamCountry "BAR"]
[BlackTeamCountry "PER"]
[TimeControl "40/5400+30:1800+30"]

1. d4 Nf6 2. Nf3 g6 3. Bf4 d5 4. e3 Bg7 5. Be2 c5 6. c3 Nc6 7. h3 O-O 8. O-O Nd7 {[%emt 0:00:02] D02: 1 d4 d5 2 Nf3 sidelines, including 2...Nf6 3 g3 and 2...Nf6 3 Bf4.} 9. Bh2 {[%emt 0:02:27] [#]} Re8 $146 ({Predecessor:} 9... e5 10. dxe5 Ndxe5 11. Na3 Be6 12. Qd2 Qd7 13. Rad1 Rad8 14. Qc1 Nxf3+ 15. Bxf3 Ne5 16. Bxd5 Bxd5 {½-½ (29) Guimaraes,W (2218)-Sarkar,J (2380) Chess.com INT 2020}) 10. Qc2 e5 {[%emt 0:17:41][%cal Be7e5,Be5e4][%mdl 32] The position is equal.} 11. Rd1 e4 12. Nfd2 Qg5 13. Bf4 Qe7 14. a3 cxd4 15. cxd4 {[%emt 0:00:22] [#]} Bxd4 $1 16. Nc3 ({Don't go for} 16. exd4 $2 Nxd4 17. Qc7 Nxe2+ 18. Kf1 Nxf4 19. Qxf4 Nc5 $19) 16... Nb6 17. exd4 $18 Nxd4 18. Qc1 Be6 19. Re1 Rac8 20. Qd1 {[%emt 0:06:22] Inhibits Na4.} Nf5 (20... Red8 $16 21. Rc1 f5) 21. Bg4 Ng7 22. Bxe6 (22. Nb3 $18) 22... Nxe6 $16 23. Bg3 f5 24. Nb3 Rcd8 ({Black should play} 24... Red8) 25. Nd4 Nc5 (25... f4 $16 {is a better defense.}) 26. Re2 (26. b4 $1 $18 Ne6 27. Ncb5) 26... Qg7 (26... Qf7 $16) 27. b3 $4 (27. Ncb5 $18 {and all is fine.}) 27... Nd3 $1 $19 28. Ndb5 (28. Bh4 $17 {was worth a try.} Qxd4 29. Bxd8 Rxd8 30. Na4) 28... f4 $1 29. Bh2 a6 30. Rc2 (30. Qf1 $142) 30... axb5 31. Nxb5 Rc8 {[%emt 0:00:37] Hoping for ...Rxc2.} 32. Nd6 $2 (32. Rb1) 32... Rc6 $2 33. Rc3 $2 (33. Nxe8 $16 Qe5 34. Rxc6 bxc6 {[#]} 35. a4 $1) 33... Rxc3 34. Nxe8 Rc2 $4 {[%emt 0:00:14][%mdl 40960] Weighted Error Value: White=1.12/Black=0.52. Loss on time!?} 0-1

[Event "44th Chess Olympiad Women 2022"]
[Site "Chennai"]
[Date "2022.07.29"]
[Round "1.31"]
[White "Moore, Gaybrianna"]
[Black "Paredes Bustamante, Paula Elizab"]
[Result "0-1"]
[ECO "D02"]
[WhiteElo "1335"]
[BlackElo "2162"]
[Annotator "TA"]
[PlyCount "70"]
[EventDate "2022.07.29"]
[EventType "team-tourn"]
[EventCountry "IND"]
[SourceTitle "playchess.com"]
[Source "ChessBase"]
[SourceQuality "1"]
[WhiteTeam "Barbados"]
[BlackTeam "Peru"]
[WhiteTeamCountry "BAR"]
[BlackTeamCountry "PER"]
[TimeControl "40/5400+30:1800+30"]

1. d4 d5 2. Bf4 Nf6 3. e3 c5 4. Nf3 Nc6 5. c3 e6 6. Bd3 Bd6 7. Bg3 O-O 8. Nbd2 Qe7 9. Ne5 Bxe5 10. dxe5 {[%emt 0:00:43] D02: 1 d4 d5 2 Nf3 sidelines, including 2...Nf6 3 g3 and 2...Nf6 3 Bf4.} Nd7 11. Nf3 ({Much worse is} 11. Qh5 g6 12. Qe2 Ndxe5 $17) 11... f5 12. exf6 {[%emt 0:02:52] White is slightly better.} Nxf6 13. Ne5 Nxe5 14. Bxe5 Nd7 {[%emt 0:00:40] [#]} 15. Qh5 $146 (15. Bg3 $14) ({Predecessor:} 15. Bg3 Nf6 16. O-O Bd7 17. c4 Bc6 18. Qc2 Rad8 19. b3 e5 20. cxd5 Bxd5 21. Bc4 {½-½ (40) Chigaev,M (2542)-Vignesh,N (2432) Voronezh 2016}) 15... g6 $19 16. Bxg6 Nxe5 17. Bxh7+ Qxh7 18. Qxe5 Qf5 19. Qg3+ Kh8 20. Qh4+ Qh7 21. Qg5 Bd7 {[%emt 0:01:06] [#] White must now prevent ...Rf5.} 22. Qe5+ Qg7 23. Qh5+ (23. Qxg7+ $142 Kxg7 24. Rd1) 23... Kg8 24. O-O-O $2 (24. f4 {was necessary.}) 24... Rxf2 25. Rdf1 Raf8 26. Rxf2 Rxf2 27. g3 Bb5 28. Re1 Rf5 29. Qh4 Bd3 {[%emt 0:00:29] Inhibits e4. ...Rf2 is the strong threat.} 30. Qd8+ Rf8 31. Qd6 Qg6 32. Qxc5 Rf2 33. Qc8+ Kh7 34. Qd7+ Kh6 {[%emt 0:00:03] ( -> ...Rc2+)} 35. h3 {[%emt 0:01:29] [#]} Bb5 $1 {[%emt 0:00:16][%mdl 512] White did not feel at home in the position after the opening.  Weighted Error Value: White=0.65/Black=0.06 (flawless)} 0-1

[Event "44th Chess Olympiad Women 2022"]
[Site "Chennai"]
[Date "2022.07.29"]
[Round "1.32"]
[White "Garcia, Andrea Nicole"]
[Black "Aulia, Medina Warda"]
[Result "0-1"]
[ECO "C70"]
[WhiteElo "1631"]
[BlackElo "2374"]
[Annotator "TA"]
[PlyCount "60"]
[EventDate "2022.07.29"]
[EventType "team-tourn"]
[EventCountry "IND"]
[SourceTitle "playchess.com"]
[Source "ChessBase"]
[SourceQuality "1"]
[WhiteTeam "Honduras"]
[BlackTeam "Indonesia"]
[WhiteTeamCountry "HON"]
[BlackTeamCountry "INA"]
[TimeControl "40/5400+30:1800+30"]

1. e4 e5 2. Nf3 Nc6 3. Bb5 g6 4. c3 a6 5. Ba4 Bg7 6. O-O {[%emt 0:01:43] C70: Ruy Lopez: 3...a6 4 Ba4, Norwegian and Delayed Schliemann.} Nge7 7. d3 O-O 8. Re1 {[%emt 0:05:19] The position is equal.} b5 9. Bb3 d6 10. Nbd2 Na5 11. Bc2 c5 12. Nf1 Nac6 {[%emt 0:04:50] [#]} 13. Be3 $146 ({Predecessor:} 13. Ng3 f5 14. Bb3+ Kh8 15. Ng5 Qe8 16. exf5 Nxf5 17. Nxf5 Bxf5 18. a4 Rc8 19. axb5 axb5 {1-0 (74) Kantor,J (1880)-Mackova,V (1902) Klatovy 2016}) 13... h6 14. h3 f5 15. N3h2 f4 16. Bc1 Kh8 17. Qf3 Bd7 18. g4 (18. a3 $15) 18... Ng8 19. Qg2 Nf6 {[%emt 0:02:04] Black is more active.} 20. g5 ({White should try} 20. Nf3 $15) 20... Nh7 (20... hxg5 $19 {White must now prevent ...Qc8.} 21. Qxg5 Qc8) 21. gxh6 $15 Bxh6 22. Bd1 $1 b4 23. Bg4 Ra7 24. Bxd7 Rxd7 25. Ng4 $2 {[%emt 0:01:44][%mdl 8192] Now White is beyond hope.} (25. Nd2 $11) 25... f3 $19 26. Qg3 {[%emt 0:00:22] [#]} (26. Qh2 Bxc1 27. Raxc1) 26... Bf4 $1 {[%emt 0:00:11] Black is clearly winning.} 27. Bxf4 exf4 ({And not} 27... Rxf4 28. Nfe3 $11) 28. Qxf3 Ng5 29. Qg2 (29. Qh1 $142 Rh7 30. h4) 29... Rh7 30. Nd2 f3 {[%emt 0:00:33] Weighted Error Value: White=0.49/Black=0.09 (flawless)} 0-1

[Event "44th Chess Olympiad Women 2022"]
[Site "Chennai"]
[Date "2022.07.29"]
[Round "1.32"]
[White "Maradiaga, Cesia"]
[Black "Citra, Dewi Ardhiani Anasta"]
[Result "0-1"]
[ECO "D02"]
[WhiteElo "1533"]
[BlackElo "2257"]
[Annotator "TA"]
[PlyCount "54"]
[EventDate "2022.07.29"]
[EventType "team-tourn"]
[EventCountry "IND"]
[SourceTitle "playchess.com"]
[Source "ChessBase"]
[SourceQuality "1"]
[WhiteTeam "Honduras"]
[BlackTeam "Indonesia"]
[WhiteTeamCountry "HON"]
[BlackTeamCountry "INA"]
[TimeControl "40/5400+30:1800+30"]

1. Nf3 d5 2. b3 Nc6 3. d4 Bg4 4. e3 e6 5. Be2 Nf6 6. O-O {[%emt 0:05:06] D02: 1 d4 d5 2 Nf3 sidelines, including 2...Nf6 3 g3 and 2...Nf6 3 Bf4.} Bd6 7. Nbd2 Bxf3 8. Nxf3 {[%emt 0:02:14] White is slightly better.} Ne4 9. Bb2 Ne7 10. c4 {[%emt 0:13:09] [#] And now c5 would win.} c6 {[%emt 0:00:15] [#]} 11. Rc1 $146 ({Predecessor:} 11. Ne5 Nf5 12. cxd5 exd5 13. Qd3 Qg5 14. f4 Qe7 15. Bf3 g6 16. Bxe4 dxe4 17. Qd2 Bxe5 18. fxe5 {0-1 (51) Perez Puyal,J (1929)-Ruiperez Gumiel,R (1947) Aragon 2012}) 11... O-O 12. Bd3 Ng6 13. Ne5 Nh4 14. Bxe4 (14. g3 $16) 14... dxe4 $11 15. Qe2 $2 (15. f4 $11) 15... Bxe5 $19 ({Weaker is} 15... Qg5 16. f4 exf3 17. Nxf3 Nxf3+ 18. Qxf3 $11) 16. dxe5 Qg5 {[%emt 0:00:09][%csl Gh4][%cal Rg5g2] [#]} 17. f3 exf3 18. Rxf3 Nxf3+ 19. Qxf3 Rfd8 20. Rf1 Rd7 21. b4 (21. c5 $142) 21... Qe7 22. c5 Rd2 23. Rb1 Qg5 {[%emt 0:02:31] White must now prevent ...Qg6.} 24. g3 $2 (24. Bd4) 24... Qg6 {[%emt 0:00:54] Black is clearly winning.} 25. e4 Rad8 {[%emt 0:00:10] Strongly threatening ...R8d3.} 26. a3 h5 (26... R8d3 $142 27. Qxd3 Rxd3) 27. Rf1 Rxb2 {[%emt 0:00:10] Weighted Error Value: White=1.13/Black=0.26 (precise)} 0-1

[Event "44th Chess Olympiad Women 2022"]
[Site "Chennai"]
[Date "2022.07.29"]
[Round "1.33"]
[White "Argote Heredia, Valentina"]
[Black "Bantiwalu, Aster Melake"]
[Result "1-0"]
[ECO "C62"]
[WhiteElo "2205"]
[BlackElo "1425"]
[Annotator "TA"]
[PlyCount "47"]
[EventDate "2022.07.29"]
[EventType "team-tourn"]
[EventCountry "IND"]
[SourceTitle "playchess.com"]
[Source "ChessBase"]
[SourceQuality "1"]
[WhiteTeam "Colombia"]
[BlackTeam "Ethiopia"]
[WhiteTeamCountry "COL"]
[BlackTeamCountry "ETH"]
[TimeControl "40/5400+30:1800+30"]

1. e4 e5 2. Nf3 Nc6 3. Bb5 d6 4. h3 Nf6 5. d3 h6 6. O-O {[%emt 0:02:05] C62: Ruy Lopez: Steinitz Defence.} Be7 7. c3 O-O 8. Re1 {[%emt 0:01:16] White is slightly better.} a6 9. Ba4 b5 10. Bc2 {[%emt 0:01:36] [#]} Nd7 $146 ({Predecessor:} 10... Re8 11. Nbd2 Bf8 12. Nf1 Bb7 13. a3 g6 14. d4 Bg7 15. d5 Nb8 16. b3 Nbd7 17. c4 {0-1 (46) Gutenev,A (2430)-Indjic,A (2610) Chess.com INT 2021}) 11. Nbd2 Bf6 12. Nf1 Re8 13. Ne3 Nb6 14. Nh2 Ne7 15. Qh5 Bg5 16. Bb3 Be6 17. Bxe6 fxe6 18. h4 Bf6 ({Black should try} 18... Bf4 $1 $14) 19. Neg4 $36 {[%emt 0:00:11][%mdl 2048] White is really pushing.} Rf8 {[%emt 0:05:46] [#]} 20. Bxh6 $1 gxh6 21. Nxh6+ (21. Re3 $142 $1 {[%cal Re3g3] Intending Rg3 and mate.} Qe8 22. Rg3 $1 (22. Nxh6+ Kg7 $16) 22... Qxh5 23. Nxf6+ Kh8 24. Nxh5) 21... Kg7 {[%emt 0:01:05] [#] And now ...Ng6 would win.} 22. Re3 $1 {[%emt 0:00:11][%mdl 1024] White wants to mate with Rg3+. White has strong compensation. The board is on fire. 0x0.0005ecfe8cefdp-1022s more active pieces.} ({But not} 22. N6g4 $2 Rh8 23. Nxf6 Rxh5 24. Nxh5+ Kf7 $19) 22... Qe8 (22... Bxh4 $16 23. Qxh4 Ng6 24. Qxd8 Rfxd8) 23. Rg3+ $18 Kh7 $2 (23... Ng6 $18 24. Nf5+ (24. Nf3 $2 Rh8 $19) 24... exf5 25. exf5 Rh8 26. Rxg6+ Kf7) 24. Nf7# $1 {[%emt 0:00:42] Weighted Error Value: White=0.05 (flawless) /Black=0.49} 1-0

[Event "44th Chess Olympiad Women 2022"]
[Site "Chennai"]
[Date "2022.07.29"]
[Round "1.33"]
[White "Pachon, Adriana"]
[Black "Ayele, Hana Mulugeta"]
[Result "1-0"]
[ECO "C54"]
[WhiteElo "2007"]
[BlackElo "1437"]
[Annotator "TA"]
[PlyCount "95"]
[EventDate "2022.07.29"]
[EventType "team-tourn"]
[EventCountry "IND"]
[SourceTitle "playchess.com"]
[Source "ChessBase"]
[SourceQuality "1"]
[WhiteTeam "Colombia"]
[BlackTeam "Ethiopia"]
[WhiteTeamCountry "COL"]
[BlackTeamCountry "ETH"]
[TimeControl "40/5400+30:1800+30"]

1. e4 e5 2. Nf3 Nc6 3. Bc4 Bc5 4. c3 d6 5. d3 h6 6. O-O Nf6 7. Be3 Bb6 {[%emt 0:01:03] C54: Giuoco Piano: 4 c3 Nf6, main lines with 5 d4 and 5 d3.} 8. Bb3 O-O 9. Nbd2 Be6 {[%emt 0:00:46] [#] The position is equal.} 10. Bxe6 $146 ({Predecessor:} 10. Bc2 d5 11. Re1 dxe4 12. dxe4 Qe7 13. Ba4 Nd7 14. Qe2 Bxe3 15. Qxe3 Ncb8 16. Bc2 {1-0 (46) Alekseev,E (2620)-Sadhwani,R (2507) Moscow 2019}) 10... fxe6 11. Nc4 Bxe3 12. fxe3 b5 13. Ncd2 Nh7 {[%emt 0:01:52] [#]} (13... Rb8 $11) 14. Qb3 (14. a4 $1 $16 ) 14... Rf6 (14... Qd7 $14) 15. Qxb5 $16 Qd7 16. Nc4 Rf7 17. Nfd2 Raf8 (17... Nf6 $142) 18. Rxf7 Rxf7 19. Rf1 {[%emt 0:00:20] [#] Threatens to win with Rxf7.} Re7 20. Na5 {[%emt 0:02:38] White is much more active. The black rooks are badly placed.} Nxa5 21. Qxa5 c6 22. Nc4 Nf6 23. Qb4 c5 24. Qb8+ Ne8 (24... Re8 $16 25. Qb3 (25. Qxd6 Qxd6 26. Nxd6 Rd8 $16) 25... Qc7) 25. b4 $36 {[%emt 0:00:54][%mdl 2048] White is on the roll.} cxb4 26. cxb4 Kh7 (26... Qb7 $142 27. Qxb7 (27. Qd8 Qc7 $16) 27... Rxb7) 27. b5 $18 {[%emt 0:01:52] aiming for a4.} Nc7 $2 (27... Nf6 {keeps fighting.} 28. a4 (28. Qxd6 Qxd6 29. Nxd6 Rd7 $16) (28. Nxd6 Ne8 $16) 28... Re8 29. Qxd6 Qxd6 30. Nxd6 Rd8) 28. a4 Ne8 29. Rf8 Kg6 (29... g5 $142 30. Nxd6 Nxd6) 30. h3 Kh7 31. Na5 {[%emt 0:01:46] And now Nc6 would win.} Qc7 32. Qxc7 Nxc7 {[%emt 0:00:15][%mdl 4096] Endgame KRN-KRN} 33. Nc6 Rd7 34. Nxa7 d5 35. exd5 exd5 36. Nc6 e4 37. dxe4 dxe4 38. Rd8 Rf7 39. Rd4 Rf5 40. b6 Na6 41. b7 {[%emt 0:30:13][%cal Od4b4] Hoping for Rb4!} Rc5 42. Nb4 Nb8 43. Rd8 {[%emt 0:00:37] White mates.} Rc4 44. Rxb8 Rxb4 45. a5 Rb1+ 46. Kh2 Rb3 47. a6 Rxe3 48. a7 {[%emt 0:00:13] Weighted Error Value: White=0.23 (precise) /Black=0.51} 1-0

[Event "44th Chess Olympiad Women 2022"]
[Site "Chennai"]
[Date "2022.07.29"]
[Round "1.33"]
[White "Haile, Lidet Abate"]
[Black "Chirivi C, Jenny Astrid"]
[Result "0-1"]
[ECO "B22"]
[WhiteElo "1624"]
[BlackElo "2157"]
[Annotator "TA"]
[PlyCount "220"]
[EventDate "2022.07.29"]
[EventType "team-tourn"]
[EventCountry "IND"]
[SourceTitle "playchess.com"]
[Source "ChessBase"]
[SourceQuality "1"]
[WhiteTeam "Ethiopia"]
[BlackTeam "Colombia"]
[WhiteTeamCountry "ETH"]
[BlackTeamCountry "COL"]
[TimeControl "40/5400+30:1800+30"]

1. e4 c5 2. Nf3 e6 3. c3 Nf6 4. e5 Nd5 5. Bc4 Nb6 6. Bb3 Nc6 {[%emt 0:00:53] B22: Sicilian: 2 c3.} 7. O-O d6 8. exd6 Bxd6 {[%emt 0:01:06] The position is equal.} 9. d4 cxd4 10. Nxd4 O-O (10... Qh4 11. g3 Qe7 12. Nxc6 bxc6 13. Nd2 $14) 11. Nxc6 bxc6 {[%emt 0:00:15] [#]} 12. Qh5 $146 ({Predecessor:} 12. Nd2 Qc7 13. h3 Ba6 14. Re1 Rad8 15. Qf3 c5 16. Bc2 Bb7 17. Qh5 g6 18. Qe2 {½-½ (63) Salgado Lopez,I (2605)-Frolyanov,D (2556) Moscow 2019}) 12... Nd5 13. Bc2 g6 14. Qh6 Qc7 15. g3 e5 16. Nd2 f5 17. Bb3 (17. Re1 $11) 17... Bc5 (17... a5 $15) 18. Nf3 $11 Ba6 19. Rd1 Rad8 (19... Be2 $11 20. Rxd5 cxd5 21. Bxd5+ Kh8 22. Bxa8 Rxa8) 20. Bg5 (20. Be3 $16 Bxe3 21. Qxe3) 20... Rd7 (20... Rde8 $14) 21. Re1 ({White should try} 21. Rd2 $16) 21... e4 22. Nh4 (22. Bf4 $11 Qb6 23. Ne5) 22... Rff7 (22... Qb6 $15 23. Be3 Bxe3 24. Qxe3 Qxe3 25. Rxe3 Kg7) 23. Ng2 Bf8 (23... Qb6 $5 24. Be3 Bxe3 25. Nxe3 Bd3 $11) 24. Qh4 c5 25. Ba4 (25. Nf4 $16 c4 26. Ba4) 25... Rd6 26. Ne3 (26. Rad1 $1 $11) 26... Qc8 (26... Nxe3 $15 27. Bxe3 Qa5) 27. Rad1 Bd3 (27... Nxe3 $11 28. Rxd6 Bxd6 29. Bxe3 Bd3) 28. Bf4 $2 (28. Bb3 $16 c4 29. Rxd3 $1 Nxe3 30. Rxd6 (30. Rdxe3 cxb3 31. axb3 Rb6 $11) 30... Bxd6 31. Bxe3 cxb3 32. axb3) 28... Nxe3 29. Bxe3 Ra6 (29... Be7 $15 30. Bg5 Bxg5 31. Qxg5 Qc7) 30. b3 ({Not} 30. Bb3 $2 c4 31. Rxd3 Be7 $17) (30. Rxd3 $1 $14 Be7 31. Bg5 (31. Bd7 Qb7 $15) 31... Rxa4 32. Rd2 (32. Bxe7 Rxe7 33. Rd6 Qe8 $14)) 30... Bg7 {[%emt 0:01:40] [#]} (30... Be7 $15 31. Bg5 Bxg5 32. Qxg5 Qc7) 31. Rc1 (31. Bb5 $1 $14 {stays ahead.}) 31... Rd6 32. Qf4 (32. c4 $15) 32... Rd8 {[%emt 0:00:24] 0x0.0024d7798684dp-1022s more active pieces.} 33. h4 h6 (33... Bf8 $1 $17 {[%cal Rf8d6] ...Bd6 is the strong threat.} 34. b4 Bd6) 34. Bd2 $2 (34. Rcd1 $15) 34... Qc7 $2 (34... Qe6 $1 $19 {White must now prevent ...Be5.} 35. b4 Qxa2) 35. Qxc7 Rxc7 36. b4 Bc4 37. Be3 Bf8 38. a3 Kh7 39. Red1 Rd3 40. Rxd3 (40. Kg2 {with more complications.} h5 41. Bf4 Rb7 42. Bc2) 40... Bxd3 41. Bc2 cxb4 (41... Bxc2 $15 42. Rxc2 cxb4 43. axb4 Bxb4) 42. Bxd3 $14 exd3 43. axb4 $15 {[%emt 0:00:00][%mdl 4096] Endgame KRB-KRB} ({Better is} 43. cxb4 $16 Rxc1+ 44. Bxc1) 43... Bg7 (43... g5 $14) 44. Bd2 ({White should play} 44. c4 $16) 44... Kg8 $14 45. Kf1 Kf7 46. Ke1 Rc4 47. Kd1 Ke6 48. Be1 Kd5 49. Kd2 Ke4 50. f3+ $1 Kxf3 {[%emt 0:00:00] Hoping for ...Ke4.} 51. Kxd3 Rc7 52. c4 $1 Rd7+ 53. Kc2 Be5 54. Kb3 g5 55. hxg5 hxg5 56. c5 f4 57. gxf4 gxf4 58. c6 Rh7 59. Bc3 Bc7 60. Bd4 a6 61. Ra1 Ke4 62. Bc5 f3 63. Rxa6 {[%emt 0:00:00] Threatens to win with Kc4.} Kd5 64. Kc3 Bg3 65. Ra8 Rf7 66. Ra2 f2 67. Bxf2 Rf3+ 68. Be3 Rxe3+ $11 {[%emt 0:00:15] KRB-KR} 69. Kd2 Bf4 {[%emt 0:00:34] Strongly threatening ...Ra3+.} 70. Ra5+ Kxc6 71. Rf5 Re4+ 72. Kc3 Bc7 73. b5+ Kb6 74. Kd3 Rg4 75. Kc3 Bh2 76. Kd3 Bg1 77. Ke2 Bc5 78. Kf3 Ra4 79. Rf6+ Kxb5 80. Rf5 Kc4 81. Ke4 Ra6 82. Rf4 Bd4 83. Rf7 Re6+ 84. Kf5 Re5+ 85. Kf4 Kd3 86. Rb7 Re6 87. Rb3+ Bc3 88. Kf5 Rf6+ 89. Kg5 Rf8 90. Kg4 Kc4 91. Rb7 Bd4 92. Re7 Kd5 93. Re2 Rf1 94. Kg3 Be5+ 95. Kg4 Ke6 96. Ra2 Rf4+ 97. Kh3 Kf5 98. Ra8 Ke4 99. Ra4+ Bd4 100. Kg2 Rg4+ 101. Kh3 Rg7 102. Kh4 Rg8 103. Ra5 {[%emt 0:01:22] [#]} Kf4 $1 104. Kh3 Bc3 105. Ra3 Rg3+ 106. Kh2 Rd3 107. Kg2 Rd2+ 108. Kh3 Be5 109. Ra4+ {[%emt 0:00:06] [#]} Kf5 $1 110. Rb4 Rh2# {[%emt 0:00:59] Weighted Error Value: White=0.36/Black=0.35} 0-1

[Event "44th Chess Olympiad Women 2022"]
[Site "Chennai"]
[Date "2022.07.29"]
[Round "1.33"]
[White "Abera, Mekdes Demssie"]
[Black "Rodriguez Rueda, Paula Andrea"]
[Result "0-1"]
[ECO "D35"]
[WhiteElo "1342"]
[BlackElo "2237"]
[Annotator "TA"]
[PlyCount "64"]
[EventDate "2022.07.29"]
[EventType "team-tourn"]
[EventCountry "IND"]
[SourceTitle "playchess.com"]
[Source "ChessBase"]
[SourceQuality "1"]
[WhiteTeam "Ethiopia"]
[BlackTeam "Colombia"]
[WhiteTeamCountry "ETH"]
[BlackTeamCountry "COL"]
[TimeControl "40/5400+30:1800+30"]

1. c4 e6 2. Nc3 d5 3. cxd5 exd5 4. d4 Nf6 5. Nf3 c6 6. e3 Bd6 7. Be2 {[%emt 0:01:15] D35: Queen's Gambit Declined: Exchange Variation.} O-O 8. O-O Re8 {[%emt 0:00:28] Prevents Ne5.} 9. Re1 {[%emt 0:00:27] Black is slightly better.} Nbd7 10. Qc2 Ne4 11. Bd3 Ndf6 {[%emt 0:00:06] [#]} 12. h3 $146 ({Predecessor:} 12. Nd2 Qe7 13. Ncxe4 dxe4 14. Be2 Bf5 15. h3 Nd5 16. a3 a5 17. Bc4 Nf6 18. Nf1 {0-1 (42) Ronconi,F (1674)-Moroni,L (2184) Saronno 2013}) 12... Qe7 13. a3 Bf5 14. Nh4 {[%emt 0:02:30] Black continues to play with concentration.} Bd7 15. Nf3 Rac8 16. b4 {[%emt 0:08:14] [#]} (16. Bd2 $142) 16... Nxc3 $1 $17 17. Qxc3 Ne4 18. Qb2 Qf6 {[%emt 0:00:22][%cal Od7h3] Black is more active.} 19. Bxe4 (19. Qe2 $17) 19... dxe4 $19 ({Stronger than} 19... Rxe4 20. Qe2 $17) 20. Nh2 Qh6 {[%emt 0:02:16][%cal Od7h3] ...Bxh3! is the strong threat.} 21. f4 {[%emt 0:03:15] [#]} exf3 $1 22. Nxf3 Qg6 23. Kf1 Bg3 24. Rd1 Bf5 25. Qe2 Bc2 26. Rd2 Ba4 {[%emt 0:00:47] Strongly threatening ...Bb5.} 27. Ne1 $2 (27. Kg1) 27... Bf4 {[%emt 0:08:25] This bishop pair is nice.} (27... Rcd8 $142 {aiming for ...Bb5.} 28. Nd3 Rxd4) 28. Rc2 $2 (28. Rd3) 28... Bb5 {[%emt 0:00:56] Black is clearly winning.} 29. Rc4 Qe6 30. Kg1 Bxc4 31. Qf3 Bxe3+ 32. Bxe3 Qxe3+ {[%emt 0:00:08] Weighted Error Value: White=0.49/Black=0.12 (very precise)} 0-1